 Dungeon Crawl Stone Soup version 0.20.1-1-g8b1a95d (webtiles) character file.

66 Ijustatesigmund the Sneak (level 4, 0/33 HPs)
             Began as an Octopode Assassin on Sept 23, 2017.
             Slain by a goblin (5 damage)
             ... led by Robin
             ... on level 2 of the Dungeon.
             The game lasted 00:01:53 (706 turns).

Ijustatesigmund the Sneak (Octopode Assassin)        Turns: 706, Time: 00:01:54

Health: 0/33       AC:  1    Str: 10    XL:     4   Next: 15%
Magic:  4/4        EV: 13    Int: 13    God:
Gold:   18         SH:  0    Dex: 18    Spells: 3/3 levels left

rFire    . . .     SeeInvis .   a - +0 flail
rCold    . . .     Gourm    .   (no shield)
rNeg     . . .     Faith    .   (helmet restricted)
rPois    .         Spirit   .   (no amulet)
rElec    .         Reflect  .   g - +4 ring of dexterity
rCorr    .         Harm     .   (no ring)
MR       .....                  (no ring)
Stlth    ++++......             (no ring)
Regen    0.2/turn               (no ring)
MPRegen  0.1/turn               (no ring)
                                (no ring)
                                (no ring)

@: no status effects
A: almost no armour, stealthy swim, amphibious, 8 rings, constrict 8, camouflage
1, gelatinous body 1
a: no special abilities


You were on level 2 of the Dungeon.
You were not hungry.

You visited 1 branch of the dungeon, and saw 2 of its levels.

You collected 18 gold pieces.

Inventory:

Hand Weapons
 a - a +0 flail (weapon)
 b - a +0 blowgun
Missiles
 c - 8 poisoned needles
 d - 2 curare-tipped needles
Jewellery
 g - a +4 ring of dexterity (left tentacle)
Scrolls
 i - a scroll of teleportation {unknown}
Comestibles
 f - 2 bread rations


   Skills:
 + Level 4.2 Fighting
   Level 2.0 Short Blades
 * Level 0.4 Maces & Flails
 - Level 2.0 Throwing
 - Level 1.0 Dodging
 - Level 5.3 Stealth


You had 3 spell levels left.
You didn't know any spells.

Dungeon Overview and Level Annotations

Branches:
Dungeon (2/15)

Altars:

Annotations:
D:2 Robin


Innate Abilities, Weirdness & Mutations

You cannot wear most types of armour.
You are very stealthy in the water. (Stealth+)
You are amphibious.
You can wear up to eight rings at the same time.
You can use your tentacles to constrict eight enemies at once.
Your skin changes colour to match your surroundings (Stealth+).
Your rubbery body absorbs attacks. (AC +1, EV +1)


Message History

Robin throws the goblin at you! The goblin barely misses you.
The goblin hits you with an enchanted hunting sling.
What are your orders? t - Shout!
Orders for allies: a - Attack new target. r - Retreat! s - Stop attacking. g - Guard the area. f - Follow me.
Anything else - Cancel.
Okay, then.
As you read the scroll labeled JEGEAN ZUDDEKY, it crumbles to dust.
It is a scroll of recharging.
You aren't carrying any rechargeable items.
The goblin hits you.
* * * LOW HITPOINT WARNING * * *
The goblin closely misses you.
Robin roars a battlecry!
As you read the scroll labeled BIATICS DOAM, it crumbles to dust.
You feel blessed for a moment.
It was a scroll of remove curse.
The goblin hits you.
You die...

### ..# ###.# ..#.#
######## ##.#g#
#......### ..#@#
####.#.#[#.# #.#g#
.......#.#.###%#g###
####.#.#.#.....ggg.###...
...#)†.....#...#..g......
.#...#.#.#.#...#.†.g.....
.#.....#.#.#...#.........
.......#.#.....#.#.......
.#.........#..?....###...


You could see Robin, 3 hobgoblins and 2 goblins.

Vanquished Creatures
  2 adders (D:2)
  3 dart slugs
  A ball python (D:1)
  3 giant cockroaches (D:1)
  8 goblins
  2 hobgoblins (D:1)
  3 jackals (D:1)
  8 kobolds
  5 bats
  2 frilled lizards
  4 rats
41 creatures vanquished.

Notes
Turn   | Place    | Note
-------+----------+-------------------------------------------
     0 | D:1      | Ijustatesigmund the Octopode Assassin began the quest for the Orb.
     0 | D:1      | Reached XP level 1. HP: 14/14 MP: 1/1
   105 | D:1      | Reached XP level 2. HP: 20/20 MP: 2/2
   221 | D:1      | Reached XP level 3. HP: 19/26 MP: 3/3
   636 | D:2      | Reached XP level 4. HP: 33/33 MP: 4/4
   692 | D:2      | Noticed Robin
   706 | D:2      | Slain by a goblin

Skill      XL: |  1  2  3 |
---------------+----------+-----
Fighting       | 3 4 |  4.2
Short Blades   | |  2.0
Maces & Flails | |  0.4
Throwing       | |  2.0
Dodging        | |  1.0
Stealth        | |  5.3

Action                   |  1- 3 |  4- 6 || total
-------------------------+-------+-------++-------
Melee: Dagger            |     7 |       ||     7
       Tentacles         |    11 |     2 ||    13
       Short sword       |    42 |     3 ||    45
       Constrict         |    12 |     3 ||    15
       Flail             |       |     5 ||     5
  Use: Scroll            |     1 |     2 ||     3
 Stab: Sleeping          |    17 |     2 ||    19
Armor: Skin              |     3 |     2 ||     5
Dodge: Dodged            |    22 |    10 ||    32
